 Dungeon Crawl Stone Soup version 0.25-a0-471-g78e40d7af6 (webtiles) character file.

Game seed: 17202513239771217070, levelgen mode: deterministic

658 Emblim88 the Ruffian (level 7, -3/70 HPs)
             Began as a Troll Monk on Feb 6, 2020.
             Slain by a scorpion zombie (6 damage)
             ... in an ossuary.
             The game lasted 00:03:52 (1999 turns).

Emblim88 the Ruffian (Troll Monk)                   Turns: 1999, Time: 00:03:52

Health: -3/70      AC:  6    Str: 22    XL:     7   Next: 29%
Magic:  6/6        EV: 10    Int:  6    God:
Gold:   110        SH:  0    Dex: 12    Spells: 6/6 levels left

rFire    . . .     SeeInvis .     - Unarmed
rCold    . . .     Gourm    +   (no shield)
rNeg     . . .     Faith    .   a - +0 robe
rPois    .         Spirit   .   (helmet restricted)
rElec    .         Reflect  .   (no cloak)
rCorr    .         Harm     .   (gloves unavailable)
MR       .....                  (boots unavailable)
Stlth    ++........             (no amulet)
HPRegen  0.61/turn              (no ring)
MPRegen  0.10/turn              (no ring)

@: hasted, very quick
A: large, unfitting armour, claws 3, fast metabolism 3, gourmand, regeneration
1, shaggy fur 1, tough skin 3
a: no special abilities


You were in an ossuary.
You were very full.

You visited 1 branch of the dungeon, and saw 6 of its levels.
You also visited: Ossuary.

You collected 110 gold pieces.

Inventory:

Missiles
 e - 81 stones (quivered)
Armour
 a - a +0 robe (worn)
Jewellery
 n - a +3 ring of intelligence {unknown}
Wands
 j - a wand of polymorph (10)
 k - a wand of acid (2)
Scrolls
 c - 6 scrolls of remove curse {unknown}
 d - a scroll of magic mapping {unknown}
 f - 2 scrolls of enchant armour {unknown}
 g - 3 scrolls of identify {unknown}
 l - a scroll of teleportation {unknown}
 o - 3 scrolls of fear {unknown}
Potions
 h - a potion of magic {unknown}
 i - a potion of haste
 m - a potion of curing {unknown}
Comestibles
 b - 12 rations


   Skills:
 + Level 4.1 Fighting
 + Level 3.2 Throwing
 - Level 2.4 Dodging
 - Level 1.0 Stealth
 * Level 6.4 Unarmed Combat


You had 6 spell levels left.
You didn't know any spells.
Your spell library was empty.

Dungeon Overview and Level Annotations

Branches:
Dungeon (6/15)            Ossuary (1/1)
 Temple: D:4-7

Altars:
Cheibriados
Dithmenos
Gozag
Trog
The Shining One


Innate Abilities, Weirdness & Mutations

You are too large for most types of armour.
You have claws for hands.
Your metabolism is lightning-fast.
You like to eat raw meat.
Your natural rate of healing is unusually fast.
You are covered in fur. (AC +1)
You have extremely tough skin. (AC +3)


Message History

The scorpion zombie hits you.
* * * LOW HITPOINT WARNING * * *
You scratch the scorpion zombie but do no damage.
The scorpion zombie is heavily damaged.
The scorpion zombie hits you.
* * * LOW HITPOINT WARNING * * *
The scorpion zombie hits you.
* * * LOW HITPOINT WARNING * * *
It was a potion of haste.
You feel yourself speed up. The scorpion zombie hits you.
* * * LOW HITPOINT WARNING * * *
The scorpion zombie completely misses you.
You scratch the scorpion zombie but do no damage.
The scorpion zombie is heavily damaged.
You claw the scorpion zombie!
The scorpion zombie is severely damaged.
The scorpion zombie hits you.
* * * LOW HITPOINT WARNING * * *
The scorpion zombie hits you.
You die...

############
#.....#.....#
#.....#.....+
#.....8.....#
#...........#
#...........
###8...Z.8###
#......Z@...#
#.....†.....#
#.....8.....#
#.....#.....#
#.....#.....#
##+#######'##########
#?!M#^^^#...#...#
+..?#^^^'...8...#
#!.?#^^^#.......#


You could see 2 scorpion zombies.

Vanquished Creatures
  A centaur (D:5)
  A wyvern skeleton (D:4)
  3 scorpions (Ossuary)
  2 human zombies (Ossuary)
  2 orc wizards (D:3)
  Ijyb (D:3)
  2 worker ants
  A big kobold zombie (Ossuary)
  4 scorpion zombies (Ossuary)
  7 adders
  An ooze (D:3)
  3 worms
  A leopard gecko (D:1)
  3 orcs (D:3)
  A ball python (D:2)
  5 giant cockroaches
  10 goblins
  8 hobgoblins
  4 kobolds
  A quokka (D:6)
  5 bats
  4 frilled lizards
  A hobgoblin zombie (Ossuary)
  2 kobold zombies (Ossuary)
  An orc zombie (Ossuary)
  4 rats
78 creatures vanquished.

Notes
Turn   | Place    | Note
-------+----------+-------------------------------------------
     0 | D:1      | Emblim88 the Troll Monk began the quest for the Orb.
     0 | D:1      | Reached XP level 1. HP: 22/22 MP: 0/0
   223 | D:1      | Reached XP level 2. HP: 29/29 MP: 1/1
   824 | D:2      | Reached XP level 3. HP: 29/36 MP: 2/2
   862 | D:2      | Reached skill level 1 in Throwing
   862 | D:2      | Reached skill level 4 in Unarmed Combat
   929 | D:2      | Reached XP level 4. HP: 41/44 MP: 3/3
  1376 | D:3      | Reached XP level 5. HP: 47/53 MP: 4/4
  1413 | D:3      | Found a shadowy altar of Dithmenos.
  1418 | D:3      | Found an opulent altar of Gozag.
  1421 | D:3      | Found a bloodstained altar of Trog.
  1422 | D:3      | Found a glowing golden altar of the Shining One.
  1489 | D:3      | Noticed Ijyb
  1498 | D:3      | Killed Ijyb
  1498 | D:3      | Reached skill level 5 in Unarmed Combat
  1614 | D:3      | You fall into a shaft and drop 3 floors!
  1652 | D:5      | Entered Level 5 of the Dungeon
  1652 | D:5      | Noticed a centaur
  1659 | D:5      | Killed a centaur
  1659 | D:5      | Reached XP level 6. HP: 46/61 MP: 5/5
  1687 | D:5      | Found a snail-covered altar of Cheibriados.
  1808 | D:4      | Found a sand-covered staircase.
  1823 | Ossuary  | Entered an ossuary
  1865 | Ossuary  | Reached skill level 6 in Unarmed Combat
  1972 | Ossuary  | Reached XP level 7. HP: 52/68 MP: 6/6
  1999 | Ossuary  | HP: 3/70 [scorpion zombie (5)]
  1999 | Ossuary  | Slain by a scorpion zombie

Levels and vault maps discovered:
D:1:      minmay_arrival_diagonal_passages, layout_basic
D:2:      layout_loops_ring
D:3:      kennysheep_the_goblin_king, layout_loops_ring,
          makhleb_altar_promises_db, chequers_temple_overflow_statue_of_worship,
          uniq_crazy_yiuf_cottage
D:4:      layout_cave_pools, enter_ossuary_4, lemuel_statue_altar, uniq_ijyb
D:5:      layout_basic, slow_altar_1, first_ration, uniq_pikel
D:6:      layout_basic, zin_treasury, minmay_temple_entry_gardened_gates,
          uniq_blork_the_orc, uniq_duvessa
Ossuary:  ossuary_minmay_scorpions

Skill      XL: |  1  2  3  4  5  6  7 |
---------------+----------------------+-----
Throwing       | 1 2 3 |  3.2
Unarmed Combat | 4 5 6 |  6.4
Fighting       | 3 4 |  4.1
Dodging        | |  2.4
Stealth        | |  1.0

Action                   |  1- 3 |  4- 6 |  7- 9 || total
-------------------------+-------+-------+-------++-------
Melee: Unarmed           |    77 |   150 |    25 ||   252
       Punch             |     1 |     2 |     1 ||     4
  Use: Potion            |       |       |     1 ||     1
 Stab: Sleeping          |     3 |     3 |       ||     6
       Distracted        |       |     1 |       ||     1
  Eat: Chunk             |    10 |    12 |       ||    22
Armor: Robe              |    30 |    68 |    13 ||   111
Dodge: Dodged            |    34 |    71 |    25 ||   130

Table legend:
 A = Non-vault XP
 B = Vault XP
 C = Vault XP percentage of total XP
 D = Non-vault monster count
 E = Vault monster count
 F = Vault count percentage of total count
                 A         B        C        D         E       F
            +---------+---------+-------+---------+---------+-------
      Total |     512 |     428 |  45.5 |      56 |      22 |  28.2
            +---------+---------+-------+---------+---------+-------
        D:1 |      28 |       0 |   0.0 |      15 |       0 |   0.0
        D:2 |     113 |       0 |   0.0 |      19 |       0 |   0.0
        D:3 |     117 |      48 |  29.1 |      12 |       7 |  36.8
        D:4 |     146 |       0 |   0.0 |       8 |       0 |   0.0
        D:5 |     106 |       5 |   4.5 |       1 |       1 |  50.0
        D:6 |       2 |       0 |   0.0 |       1 |       0 |   0.0
    Ossuary |       0 |     375 | 100.0 |       0 |      14 | 100.0
            +---------+---------+-------+---------+---------+-------
